cohdb
Replays
Latest Replays
All Replays
Popular Replays
Top Player Replays
Match Explorer
How It Works
Community
CoH3 Stats
Reddit
Sign in to upload your games and track your stats! →
Sign in with Steam
Cheater - force disco
Match 11454958
Overview
Messages
Build Orders
End
Engineer Squad
Selects Airborne Battlegroup
Selects Heavy Machine Gun Paradrop
Heavy Machine Gun Paradrop
Engineer Squad
Heavy Machine Gun Paradrop
Construct Barracks
Riflemen Squad
Riflemen Squad
Selects Paratrooper Squad Paradrop
Construct Medical Station
Grenade Package
maneats2live
Esxile
0
0
Comments
sign in to comment!
No comments posted yet!